 Dungeon Crawl Stone Soup version 0.29.0-13-gc9e81de378 (webtiles) character file.

Game seed: 1957024198989398819

308 Iusername the Covered (level 6, -1/53 HPs)
             Began as a Minotaur Fighter on Sept 8, 2022.
             Killed from afar by Natasha (4 damage)
             ... with a magic dart
             ... on level 4 of the Dungeon.
             The game lasted 00:07:05 (3807 turns).

Iusername the Covered (Minotaur Fighter)            Turns: 3807, Time: 00:07:06

Health: -1/53      AC: 12    Str: 21    XL:     6   Next: 17%
Magic:  5/5        EV:  3    Int: 13    God:
Gold:   44         SH: 12    Dex:  9    Spells: 5/5 levels left

rFire   . . .      SeeInvis .   a - +2 long sword
rCold   . . .      Faith    .   v - +0 tower shield "Ynkoav" {*Corrode +Blink rN+}
rNeg    + . .      Spirit   .   c - +0 plate armour
rPois   .          Reflect  .   (helmet restricted)
rElec   .          Harm     .   (no cloak)
rCorr   .          Rampage  .   (no gloves)
Will    .....                   (no boots)
Stlth   ..........              (no amulet)
HPRegen 0.17/turn               m - +6 ring of intelligence
MPRegen 0.09/turn               (no ring)

@: lethally poisoned (-1 -> -7), slowed, very slow
A: horns 2, retaliatory headbutt
a: Evoke Blink


You were on level 4 of the Dungeon.
You visited 1 branch of the dungeon, and saw 4 of its levels.

You collected 215 gold pieces.
You spent 171 gold pieces at shops.

Inventory:

Hand Weapons
 a - a +2 long sword (weapon)
Armour
 c - a +0 plate armour (worn)
 v - the +0 tower shield "Ynkoav" (worn) {*Corrode +Blink rN+}
   (You bought it in a shop on level 2 of the Dungeon)

   rN:        It protects you from negative energy.
   +Blink:    It lets you blink.
   *Corrode:  It may corrode you when you take damage.
Jewellery
 m - a +6 ring of intelligence (left hand)
Wands
 d - a wand of light (7)
Scrolls
 i - a scroll of fear
 j - 4 scrolls of teleportation
 q - a scroll of magic mapping {unknown}
 t - a scroll of enchant armour {unknown}
Potions
 e - 2 potions of resistance {unknown}
 f - 2 potions of ambrosia {unknown}
 g - a potion of cancellation {unknown}
 h - 2 potions of brilliance {unknown}
 l - 2 potions of heal wounds {unknown}
 n - 3 potions of curing
 o - a potion of mutation {unknown}
 p - 3 potions of lignification {unknown}
 r - a potion of berserk rage {unknown}
 s - a potion of flight {unknown}
 u - 2 potions of magic {unknown}


   Skills:
 + Level 4.6 Fighting
 + Level 4.6 Long Blades
 + Level 5.4 Armour
 + Level 2.0 Dodging
 + Level 1.2 Stealth
 + Level 4.2 Shields


You had 5 spell levels left.
You didn't know any spells.
Your spell library contained the following spells:

 Spells                   Type           Power      Damage    Failure   Level
 Sublimation of Blood     Necr           0%         N/A       100%        2
 Wereblood                Tmut           0%         N/A       100%        2
 Fulminant Prism          Conj/Hex       0%         3d6       100%        4
 Iskenderun's Mystic Bla  Conj/Tloc      0%         2d3       100%        4
 Lee's Rapid Deconstruct  Erth           0%         3d5*      100%        5
 Summon Hydra             Summ           0%         N/A       100%        7


Dungeon Overview and Level Annotations

Branches:
Dungeon (4/15)
 Temple: D:4-7

Altars:
Ru

Shops:
D:2 [[

Annotations:
D:4 Natasha


Innate Abilities, Weirdness & Mutations

You have a pair of horns on your head.
You reflexively headbutt those who attack you in melee.


Message History

Your Dodging skill increases to level 2!
Found a sling.
The scorpion stings you.
You are poisoned.
The scorpion poisons you! You block the scorpion's attack.
You feel very sick. You block the scorpion's attack.
The scorpion stings you but does no damage.
You hit the scorpion.
The scorpion is heavily wounded.
You feel very sick. You block the scorpion's attack.
The scorpion completely misses you.
You closely miss the scorpion. You headbutt the scorpion!
The scorpion is severely wounded.
You feel sick. The scorpion stings you.
* * * LOW HITPOINT WARNING * * *
You block the scorpion's attack.
Natasha, Servant of Life and Death comes into view.
The scorpion stings you but does no damage.
You feel better. The scorpion stings you.
* * * LOW HITPOINT WARNING * * *
The scorpion stings you but does no damage.
You hit the scorpion.
The scorpion is almost dead.
Natasha casts a spell.
You block the scorpion's attack.
The scorpion stings you but does no damage.
Natasha howls an incantation.
Natasha shimmers violently.
The scorpion stings you.
* * * LOW HITPOINT WARNING * * *
You are lethally poisoned!
The scorpion poisons you!
You hit the scorpion.
The scorpion is almost dead.
* * * LOW HITPOINT WARNING * * *
You feel very sick. You block Natasha's attack.
You block the scorpion's attack.
Natasha stares at you and mumbles some strange words.
The magic dart hits you.
You die...

#....#^.....
#...........
#......>....
##.#.........
#............
##............
##....s........
#...$.@........
#...)h...$.....
###...........)
#.###........
##5# #####....
#..# #... #.[#
#.. #..# #.
#..#


You could see a scorpion, Natasha and a crimson imp (summoned).

Vanquished Creatures
  A jelly (D:3)
  Natasha (D:4)
  3 orc wizards (D:3)
  4 gnolls (D:3)
  3 adders
  A worm (D:3)
  3 dart slugs
  8 orcs
  6 endoplasms
  3 giant cockroaches
  11 hobgoblins
  11 jackals
  4 kobolds
  5 quokkas
  8 ball pythons
  3 bats
  8 frilled lizards
  7 goblins
  5 rats
95 creatures vanquished.

Notes
Turn   | Place    | Note
-------+----------+-------------------------------------------
     0 | D:1      | Iusername the Minotaur Fighter began the quest for the Orb.
     0 | D:1      | Reached XP level 1. HP: 19/19 MP: 0/0
   227 | D:1      | Reached XP level 2. HP: 27/27 MP: 1/1
   721 | D:2      | Reached XP level 3. HP: 34/34 MP: 2/2
   774 | D:2      | Found Dumnimny's Armour Shoppe.
   821 | D:2      | Reached skill level 4 in Armour
  1210 | D:2      | Found Wolenot's Antique Armour Shop.
  1885 | D:3      | Reached XP level 4. HP: 41/41 MP: 3/3
  1941 | D:3      | Reached skill level 1 in Stealth
  1954 | D:3      | Reached skill level 1 in Dodging
  1954 | D:3      | Reached XP level 5. HP: 37/47 MP: 4/4
  2123 | D:3      | Found a sacrificial altar of Ru.
  2361 | D:3      | Reached skill level 5 in Armour
  3382 | D:3      | Found a faded altar of an unknown god.
  3582 | D:2      | Bought the +0 tower shield "Ynkoav" {*Corrode +Blink rN+}
                  | for 171 gold pieces
  3764 | D:4      | Reached XP level 6. HP: 52/53 MP: 5/5
  3784 | D:4      | Noticed Natasha
  3800 | D:4      | Killed Natasha
  3804 | D:4      | Noticed Natasha
  3807 | D:4      | Killed from afar by Natasha

Illustrated notes

Levels and vault maps discovered:
D:1:      dpeg_arrival_leaves_temple_mockup, layout_basic
D:2:      layout_basic, serial_shops, nicolae_shop_waterfront, shop,
          corexii_leaking_fountain, minmay_domino_4
D:3:      minmay_spotlight, layout_basic, nicolae_ru_great_annihilating_truth,
          dreamdust_ecumenical_altar_grove, dk_noncrumbling_3,
          minmay_fractal_squares_5
D:4:      layout_cave_pods, mainiacjoe_overflow_big_doors, portal_sewer_entry_d,
          uniq_natasha

Skill      XL: |  1  2  3  4  5  6 |
---------------+-------------------+-----
Fighting       | 4 |  4.6
Shields        | 4 |  4.2
Armour         | 4 5 |  5.4
Long Blades    | 3 4 |  4.6
Stealth        | 1 |  1.2
Dodging        | 1 2 |  2.0

Action                   |  1- 3 |  4- 6 || total
-------------------------+-------+-------++-------
Melee: Long sword        |    99 |   127 ||   226
       Headbutt          |    13 |    19 ||    32
  Use: Potion            |       |     4 ||     4
       Scroll            |       |     6 ||     6
 Stab: Paralysed         |       |     1 ||     1
Armor: Scale mail        |    55 |    58 ||   113
       Plate armour      |       |    23 ||    23
Dodge: Dodged            |    45 |    77 ||   122
Block: Buckler           |    21 |    20 ||    41
       Tower shield      |       |    30 ||    30
